 Dungeon Crawl Stone Soup version 0.29.0-11-gd7f09526c8 (webtiles) character file.

Game seed: 15584073056383344635

214 TheShadowEevee the Firebug (level 5, -2/40 HPs)
             Began as a Draconian Fire Elementalist on Sept 5, 2022.
             Was a Believer of Fedhas.
             Slain by a mummy (8 damage)
             ... in an ossuary.
             The game lasted 00:25:31 (3136 turns).

TheShadowEevee the Firebug (DrFE)                   Turns: 3136, Time: 00:25:32

Health: -2/40      AC:  6    Str: 13    XL:     5   Next: 59%
Magic:  7/8        EV: 12    Int: 15    God:    Fedhas [**....]
Gold:   258        SH:  0    Dex: 11    Spells: 7/8 levels left

rFire   . . .      SeeInvis .   c - +4 spear (venom)
rCold   . . .      Faith    .   (no shield)
rNeg    . . .      Spirit   .   (body armour unavailable)
rPois   .          Reflect  .   (helmet restricted)
rElec   .          Harm     .   (no cloak)
rCorr   .          Rampage  .   (no gloves)
Will    .....                   m - +0 pair of boots
Stlth   ++........              l - amulet of regeneration
HPRegen 0.93/turn               (no ring)
MPRegen 0.11/turn               (no ring)

@: no status effects
A: AC +5, unfitting armour, cold-blooded
a: Renounce Religion, Wall of Briars


You were in an ossuary.
You worshipped Fedhas.
Fedhas was pleased with you.
You visited 1 branch of the dungeon, and saw 6 of its levels.
You also visited: Ossuary.

You collected 258 gold pieces.

Inventory:

Hand Weapons
 c - a +4 spear of venom (weapon)
 d - a +1 flail of protection
Missiles
 a - 3 poisoned darts
 b - 31 stones
 g - 8 large rocks
 i - 2 javelins
Armour
 m - a +0 pair of boots (worn)
Jewellery
 l - an amulet of regeneration (around neck)
Scrolls
 k - 2 scrolls of vulnerability
Potions
 j - 2 potions of haste


   Skills:
 + Level 1.4 Fighting
 + Level 3.1 Polearms
 + Level 2.6 Dodging
 + Level 3.1 Stealth
 + Level 2.2 Spellcasting
 + Level 1.0 Conjurations
 + Level 3.4 Fire Magic


You had 7 spell levels left.
You knew the following spells:

 Your Spells              Type           Power      Damage    Failure   Level
a - Foxfire               Conj/Fire      32%        2x1d5     9%          1

Your spell library contained the following spells:

 Spells                   Type           Power      Damage    Failure   Level
 Scorch                   Fire           24%        2d6       8%          2
 Conjure Flame            Conj/Fire      8%         6-21      26%         3
 Inner Flame              Hex/Fire       6%         N/A       32%         3
 Flame Wave               Conj/Fire      8%         2d5       65%         4


Dungeon Overview and Level Annotations

Branches:
Dungeon (7/15)            Ossuary (1/1)
 Temple: D:4-7

Altars:
Fedhas


Innate Abilities, Weirdness & Mutations

Your plain brown scales are hard. (AC +5)
You cannot fit into any form of body armour.
You are cold-blooded and may be slowed by cold attacks.


Message History

The mummy is lightly damaged.
The mummy barely misses you. The mummy hits you!
You puncture the mummy! You tail-slap the mummy.
The mummy is almost destroyed.
You hit the mummy.
You destroy the mummy!
Fedhas accepts your kill. The mummy hits you! x2
* * * LOW HITPOINT WARNING * * *
Your Polearms skill increases to level 3!
You feel better.
There is a gate leading back out of this place here.
You open the door.
A goblin zombie and a kobold zombie come into view.
A hobgoblin zombie and an adder zombie come into view.
There is an open door here.
Casting: Foxfire (safe; 9% risk of failure)
Confirm with . or Enter, or press ? or * to list all spells.
You conjure some foxfire!
You hit the mummy.
The mummy is moderately damaged.
The foxfire hits the goblin zombie.
The goblin zombie is heavily damaged.
The foxfire hits the kobold zombie.
The kobold zombie is heavily damaged.
The mummy closely misses you. x2
You hit the mummy. You tail-slap the mummy.
The mummy is heavily damaged.
You hit the mummy but do no damage.
The mummy is heavily damaged.
The mummy closely misses you. The mummy hits you!
* * * LOW HITPOINT WARNING * * *
The goblin zombie barely misses you.
The kobold zombie hits you but does no damage.
Okay, then.
The air fills with toxic fumes!
As you read the scroll of poison, it crumbles to dust.
The mummy hits you!
You die...
Fedhas appreciates your contribution to the ecosystem.

### #
#§§########§###§
##§§§§§M#Z§§§§§§
#§§§§§§M@Z§Z§§§§
##§§§§§§#§§§§§§§
#§§########§###Z
### #


You could see 2 mummies, an adder zombie (dormant), a goblin zombie, a hobgoblin
zombie and a kobold zombie.

Vanquished Creatures
  A scorpion (D:6)
  A jelly (D:6)
  Terence (D:3)
  A mummy (Ossuary)
  2 adders
  A dart slug (D:2)
  4 orcs (D:3)
  6 ball pythons
  5 endoplasms
  A giant cockroach (D:3)
  3 goblins
  2 hobgoblins
  7 jackals (D:1)
  5 kobolds
  2 quokkas (D:1)
  4 bats
  5 frilled lizards
  8 rats
59 creatures vanquished.

Vanquished Creatures (others)
  13 foxfires
13 creatures vanquished.

Grand Total: 72 creatures vanquished

Notes
Turn   | Place    | Note
-------+----------+-------------------------------------------
     0 | D:1      | TheShadowEevee the Draconian Fire Elementalist began the
                  | quest for the Orb.
     0 | D:1      | Reached XP level 1. HP: 14/14 MP: 3/3
   191 | D:1      | Found a faded altar of an unknown god.
   214 | D:1      | Reached XP level 2. HP: 12/20 MP: 1/5
   224 | D:1      | Prayed at the altar of an unknown god.
   224 | D:1      | Became a worshipper of Fedhas Madash
   224 | D:1      | Reached * piety under Fedhas
   869 | D:1      | Reached XP level 3. HP: 22/27 MP: 6/6
  1175 | D:2      | Reached skill level 1 in Polearms
  1175 | D:2      | Reached ** piety under Fedhas
  2067 | D:3      | Reached XP level 4. HP: 34/34 MP: 7/7
  2179 | D:3      | Noticed Terence
  2195 | D:3      | Killed Terence
  2196 | D:3      | Reached skill level 1 in Fighting
  2998 | D:3      | You fall into a shaft and drop 3 floors!
  3042 | D:6      | Noticed a scorpion
  3060 | D:6      | Killed a scorpion
  3061 | D:6      | Reached XP level 5. HP: 20/40 MP: 6/8
  3109 | D:5      | Entered Level 5 of the Dungeon
  3109 | D:5      | Found a sand-covered staircase.
  3117 | Ossuary  | Entered an ossuary
  3136 | Ossuary  | Slain by a mummy

Illustrated notes

Levels and vault maps discovered:
D:1:      sevenhm_arrival_forest_fort_large_1, layout_loops_ring,
          hellmonk_ecumenical_altar_run_dry
D:2:      layout_rooms
D:3:      layout_basic, uniq_terence
D:5:      layout_loops_cross, mainiacjoe_overflow_small_starburst,
          enter_ossuary_1, bh_walls_and_bars
D:6:      layout_rooms, minmay_temple_entry_arrows
D:7:      layout_rooms, mainiacjoe_overflow_alcove_1,
          gammafunk_temple_overflow_arena, grunt_temple_overflow_diamond
Ossuary:  ossuary_minmay_chase

Skill      XL: |  1  2  3  4  5 |
---------------+----------------+-----
Dodging        | 2 |  2.6
Stealth        | 2 3 |  3.1
Polearms       | 2 3 |  3.1
Fighting       | 1 |  1.4
Spellcasting   | |  2.2
Conjurations   | |  1.0
Fire Magic     | |  3.4

Action                   |  1- 3 |  4- 6 || total
-------------------------+-------+-------++-------
Melee: Spear             |    92 |    37 ||   129
       Tailslap          |     9 |     7 ||    16
       Unarmed           |     1 |       ||     1
       Punch             |     1 |       ||     1
 Cast: Foxfire           |     6 |     3 ||     9
  Use: Scroll            |     5 |     3 ||     8
       Potion            |     3 |     1 ||     4
 Stab: Sleeping          |     4 |     3 ||     7
Armor: Skin              |    33 |     5 ||    38
Dodge: Dodged            |    87 |    27 ||   114
